 Dungeon Crawl Stone Soup version 0.27-a0-1597-ge58577e147 (webtiles) character file.

Game seed: 14020204421535326725

110 Froggeryz the Chopper (level 5, -2/61 HPs)
             Began as a Human Berserker on July 21, 2021.
             Was a Believer of Trog.
             Slain by a gnoll (10 damage)
             ... on level 2 of the Dungeon.
             The game lasted 00:01:31 (2276 turns).

Froggeryz the Chopper (Human Berserker)             Turns: 2276, Time: 00:01:32

Health: -2/61      AC:  6    Str: 18    XL:     5   Next: 14%
Magic:  5/5        EV: 10    Int:  7    God:    Trog [**....]
Gold:   33         SH:  0    Dex: 13    Spells: 4/4 levels left

rFire    . . .     SeeInvis .   a - +0 hand axe
rCold    . . .     Faith    .   (no shield)
rNeg     . . .     Spirit   .   d - +0 scale mail
rPois    .         Reflect  .   (no helmet)
rElec    .         Harm     .   (no cloak)
rCorr    .         Rampage  .   (no gloves)
Will     .....                  (no boots)
Stlth    ..........             (no amulet)
HPRegen  0.20/turn              (no ring)
MPRegen  0.09/turn              (no ring)

@: berserking, very quick
A: no striking features
a: Renounce Religion, Berserk, Trog's Hand


You were on level 2 of the Dungeon.
You worshipped Trog.
Trog was pleased with you.
You visited 1 branch of the dungeon, and saw 2 of its levels.

You collected 33 gold pieces.

Inventory:

Hand Weapons
 a - a +0 hand axe (weapon)
Missiles
 e - 32 poisoned darts (quivered)
Armour
 d - a +0 scale mail (worn)
Scrolls
 b - 2 scrolls of enchant armour {unknown}
 f - a scroll of fear {unknown}
 g - a scroll of identify {unknown}
Potions
 c - a potion of curing {unknown}


   Skills:
 - Level 3.0 Fighting
 * Level 4.8 Axes
 + Level 3.1 Armour
 - Level 2.0 Dodging


You had 4 spell levels left.
You didn't know any spells.
Your spell library was empty.

Dungeon Overview and Level Annotations

Branches:
Dungeon (2/15)

Altars:


Message History

Trog accepts your kill.
Things that are here:
a +0 club; a gnoll corpse
There is a stone staircase leading down here.
You start resting.
HP restored.
You climb downwards.
There is a stone staircase leading up here.
The gnoll shouts!
The gnoll hits you from afar with a +0 halberd.
The gnoll hits you with a +0 halberd.
A red film seems to cover your vision as you go berserk!
You feel yourself moving faster!
You feel mighty! The gnoll closely misses you.
The gnoll hits you from afar with a +0 halberd!
You hit the gnoll.
The gnoll is lightly wounded.
The gnoll barely misses you.
You barely miss the gnoll.
The gnoll is lightly wounded.
The gnoll hits you from afar with a +0 halberd.
The gnoll closely misses you.
You closely miss the gnoll.
The gnoll is lightly wounded.
The gnoll barely misses you. The gnoll hits you with a +0 halberd!
You barely miss the gnoll.
The gnoll is lightly wounded.
The gnoll hits you from afar with a +0 halberd!
* * * LOW HITPOINT WARNING * * *
You slash the gnoll!
You feel the power of Trog in you as your rage grows.
You kill the gnoll!
Trog accepts your kill.
You have reached level 5!
You slash the gnoll!
You kill the gnoll!
Trog accepts your kill.
The gnoll hits you from afar with a +0 halberd.
* * * LOW HITPOINT WARNING * * *
The gnoll hits you with a +0 halberd!
You die...

.......# ##............#.###.#
.###.#.## ##.......######...#.##
.###....####.........####...#.##
....g...g..'.........'.......##
.###....####...).....####...##
.#.....## ##.......## ##..##
...###.### ##.....## #...# ##.#
#...# ##g..## ###...###
#.###.#.# ##@## #.......#
#.....#.# #####.##### #.......#
#######.# #.......<.# #.......#
#####.###.###.###.# ###...###
#.......#.##>..##.#####...#
#.###.#.#<#.......)..###.## #.#
#.#.#.##.....#.......# #.#
#..........##.##.##### #.#
###.#.####.##.##.#


You could see a gnoll.

Vanquished Creatures
  Natasha (D:2)
  3 gnolls
  An adder (D:2)
  A dart slug (D:1)
  A ball python (D:1)
  6 endoplasms
  4 goblins
  5 hobgoblins
  4 jackals (D:2)
  A quokka (D:1)
  4 bats
  5 frilled lizards
  5 kobolds
  A rat (D:1)
42 creatures vanquished.

Notes
Turn   | Place    | Note
-------+----------+-------------------------------------------
     0 | D:1      | Froggeryz the Human Berserker began the quest for the Orb.
     0 | D:1      | Reached XP level 1. HP: 18/18 MP: 1/1
   195 | D:1      | Reached XP level 2. HP: 24/24 MP: 2/2
   578 | D:1      | Reached XP level 3. HP: 29/29 MP: 3/3
  1116 | D:2      | Reached ** piety under Trog
  1458 | D:2      | Reached skill level 4 in Axes
  1526 | D:2      | Noticed Natasha
  1533 | D:2      | Killed Natasha
  1534 | D:2      | Reached XP level 4. HP: 26/35 MP: 4/4
  2275 | D:2      | Reached XP level 5. HP: 12/41 MP: 5/5
  2276 | D:2      | Slain by a gnoll

Illustrated notes

Levels and vault maps discovered:
D:1:      giann_horns, layout_basic, lemuel_old_faithful
D:2:      layout_loops_corners, uniq_natasha

Skill      XL: |  1  2  3  4 |
---------------+-------------+-----
Axes           | 4 |  4.8
Armour         | 3 |  3.1
Fighting       | |  3.0
Dodging        | |  2.0

Action                   |  1- 3 |  4- 6 || total
-------------------------+-------+-------++-------
Melee: Hand axe          |   107 |    46 ||   153
Invok: Berserk           |       |     1 ||     1
 Stab: Sleeping          |     1 |       ||     1
Armor: Animal skin       |     3 |       ||     3
       Scale mail        |    35 |    25 ||    60
Dodge: Dodged            |    68 |    29 ||    97

Table legend: (Time is in decaauts)
 A = Elapsed time spent in this place.
 B = Non-inter-level travel time spent in this place.
 C = Inter-level travel time spent in this place.
 D = Time resting spent in this place.
 E = Time spent auto-exploring this place.
 F = Levels seen in this place.
 G = Mean time per level.
                   A        B        C        D        E       F      G
               +--------+--------+--------+--------+--------+-----+--------+
         Total |   2292 |   2285 |      7 |    241 |   1685 |   2 | 1146.0 |
       Dungeon |   2292 |   2285 |      7 |    241 |   1685 |   2 | 1146.0 |
               +--------+--------+--------+--------+--------+-----+--------+

Top non-repeatable levels by time:
     D:1: 1233 daAuts
     D:2: 1059 daAuts
